 Dungeon Crawl Stone Soup version 0.28.0-53-g5a82cb258f (webtiles) character file.

Game seed: 1577538997750210313

1721 LynnLen the Nimble (level 8, -1/41 HPs)
             Began as a Vampire Enchanter on Aug 15, 2022.
             Slain by a wyvern (7 damage)
             ... while petrified by a basilisk
             ... on level 8 of the Dungeon.
             The game lasted 00:20:01 (7402 turns).

LynnLen the Nimble (Vampire Enchanter)              Turns: 7402, Time: 00:20:02

Health: -1/41      AC:  9    Str: 13    XL:     8   Next: 75%
Magic:  3/11       EV:  2    Int: 17    God:
Gold:   146        SH:  0    Dex: 17    Spells: 8/11 levels left

rFire   . . .      SeeInvis +   a - +1 dagger
rCold   + + .      Faith    .   (no shield)
rNeg    + + +      Spirit   .   n - +0 leather armour
rPois   ∞          Reflect  +   u - +1 helmet
rElec   .          Harm     .   C - +0 cloak
rCorr   .          Rampage  .   g - +2 pair of gloves
Will    .....                   (no boots)
Stlth   +++++.....              e - amulet of reflection
HPRegen 0.00/turn               r - ring of the Rabble {Will- EV+4 Str+6 Slay+5}
MPRegen 0.12/turn               (no ring)

@: petrified, bloodless, inhibited regen
A: bloodless, fangs 3, see invisible, vampiric 2
a: Bat Form, Revivify


You were on level 8 of the Dungeon.
You visited 2 branches of the dungeon, and saw 9 of its levels.

You collected 277 gold pieces.
You spent 131 gold pieces at shops.

Inventory:

Hand Weapons
 a - a +1 dagger (weapon)
Missiles
 b - 6 poisoned darts
 d - 85 sling bullets
 t - 65 stones
 F - 5 curare-tipped darts
Armour
 g - a +2 pair of gloves (worn)
 n - a +0 leather armour (worn)
 u - a +1 helmet (worn)
 C - a +0 cloak (worn)
Jewellery
 e - an amulet of reflection (around neck)
 r - the ring of the Rabble (left hand) {Will- EV+4 Str+6 Slay+5}
   (You found it on level 3 of the Dungeon)

   [ring of evasion]

   EV:        It affects your evasion (+4).
   Str:       It affects your strength (+6).
   Slay:      It affects your accuracy & damage with ranged weapons and melee
   (+5).
   Will:      It decreases your willpower.
Wands
 q - a wand of iceblast (23)
Scrolls
 i - 2 scrolls of enchant weapon {unknown}
 j - 3 scrolls of magic mapping {unknown}
 k - a scroll of summoning {unknown}
 l - a scroll of holy word {unknown}
 o - 2 scrolls of blinking {unknown}
 p - 2 scrolls of teleportation {unknown}
 s - 2 scrolls of noise {unknown}
 y - a scroll of amnesia {unknown}
 A - a scroll of vulnerability {unknown}
 D - a scroll of brand weapon {unknown}
Potions
 c - 2 potions of berserk rage
 h - a potion of flight
 w - a potion of mutation {unknown}
 x - a potion of ambrosia {unknown}
 z - 2 potions of haste
 E - a potion of lignification {unknown}
 G - 2 potions of brilliance {unknown}
 H - a potion of degeneration {unknown}


   Skills:
 + Level 8.7 Short Blades
 + Level 9.0 Dodging
 - Level 4.4 Stealth
 - Level 2.0 Spellcasting
 - Level 4.4 Hexes


You had 8 spell levels left.
You knew the following spells:

 Your Spells              Type           Power      Damage    Failure   Level
a - Confusing Touch       Hex            16%        N/A       12%         3

Your spell library contained the following spells:

 Spells                   Type           Power      Damage    Failure   Level
 Tukima's Dance           Hex            16%        N/A       12%         3
 Ensorcelled Hibernation  Hex/Ice        18%        N/A       16%         2
 Dazzling Flash           Conj/Hex       18%        N/A       30%         3
 Summon Guardian Golem    Hex/Summ       9%         N/A       30%         3
 Animate Dead             Necr           0%         N/A       94%         4
 Summon Ice Beast         Ice/Summ       1%         N/A       94%         4
 Summon Mana Viper        Hex/Summ       9%         N/A       95%         5
 Haunt                    Necr/Summ      0%         N/A       100%        7
 Monstrous Menagerie      Summ           0%         N/A       100%        7
 Orb of Destruction       Conj           0%         9d5       100%        7
 Spellforged Servitor     Conj/Summ      0%         N/A       100%        7
 Infestation              Necr           0%         N/A       100%        8


Dungeon Overview and Level Annotations

Branches:
Dungeon (8/15)             Temple (1/1) D:5            Lair (0/6) D:8

Altars:
Cheibriados
Dithmenos
Elyvilon
Fedhas
Hepliaklqana
Makhleb
Nemelex Xobeh
Okawaru
Qazlal
Ru
Sif Muna
Uskayaw
Wu Jian
Xom
Yredelemnul

Shops:
D:3 *


Innate Abilities, Weirdness & Mutations

You do not regenerate when monsters are visible.
You are frail without blood (-20% HP).
You can heal yourself when you bite living creatures.
You are immune to poison.
You have razor-sharp teeth.
You have supernaturally acute eyesight. (SInv)
You are afflicted with vampirism and can become a bat while bloodless.


Message History

Nothing appears to happen.
The wyvern closely misses you. x2; The basilisk closely misses you.
Casting: Confusing Touch (dangerous; 12% risk of failure)
Press: ? - help, Q - select action, (/) - cycle Dir - look around, f - activate Your hands begin to glow red.
The wyvern bites you! The basilisk barely misses you.
You hit the basilisk but do no damage. The wyvern misses you.
You closely miss the basilisk. You punch the basilisk.
The basilisk is lightly wounded.
You block the wyvern's attack. The basilisk gazes at you.
You are slowing down.
You feel limber!
Your magical effects are unravelling.
You feel magically purged.
Your magical contamination has completely faded away.
Your hands stop glowing.
You block the wyvern's attack. The basilisk closely misses you.
The wyvern completely misses you.
Casting: Confusing Touch (dangerous; 12% risk of failure)
Press: ? - help, Q - select action, (/) - cycle Dir - look around, f - activate Your hands begin to glow red.
You block the wyvern's attack. The basilisk gazes at you.
You are slowing down.
The wyvern closely misses you.
You hit the basilisk but do no damage.
The basilisk appears confused.
The basilisk is lightly wounded.
The wyvern bites you!
* * * LOW HITPOINT WARNING * * *
Your limbs are stiffening.
The wyvern hisses menacingly.
The wyvern barely misses you. The basilisk misses you.
You block the wyvern's attack.
You have turned to stone.
The basilisk bites the wyvern!!
The wyvern bites you but does no damage.
The wyvern bites you. The wyvern bites you!
* * * LOW HITPOINT WARNING * * *
The wyvern bites you!
You die...

#.#..........##........
..............#........
#.................)....
.##.#.#..# #....#........
.........###............
........... #.......#.#
......#..#####.......#.##
........<.@.....[........
##..#.#..ll............##
.....................##$
...#.#.......#.#........
###.......>............##
#.#.#.##.#.###.......#
#..........###.......##.
#.#.#.##.#..............
###.#. #.#.........)....


You could see a basilisk (confused) and a wyvern.

Vanquished Creatures
  A steam dragon (D:7)
  2 black bears
  A hornet zombie (D:6)
  An ice beast (D:5)
  A necrophage (D:6)
  A centaur (D:6)
  A bullfrog (D:6)
  A gnoll sergeant (D:6)
  A scorpion (D:5)
  3 howler monkeys
  2 bullfrog zombies (D:6)
  A jelly (D:5)
  A centaur skeleton (D:4)
  2 hounds
  2 bullfrog skeletons
  Jessica (D:3)
  2 iguanas
  6 orc wizards
  A scorpion zombie (D:5)
  2 killer bee zombies
  A hound skeleton (D:4)
  3 gnolls (D:6)
  6 adders
  A river rat (D:6)
  2 shadow imps
  A white imp (D:6)
  An ufetubus (D:4)
  An adder skeleton (D:5)
  13 orcs
  6 ball pythons
  3 bats
  4 endoplasms
  4 giant cockroaches
  4 goblins (D:1)
  7 hobgoblins
  5 jackals
  4 quokkas
  4 frilled lizards
  6 kobolds
  8 rats
117 creatures vanquished.

Vanquished Creatures (others)
  2 fungi (D:2)
  A plant (D:2)
3 creatures vanquished.

Grand Total: 120 creatures vanquished

Notes
Turn   | Place    | Note
-------+----------+-------------------------------------------
     0 | D:1      | LynnLen the Vampire Enchanter began the quest for the Orb.
     0 | D:1      | Reached XP level 1. HP: 13/13 MP: 3/3
   226 | D:1      | Reached XP level 2. HP: 15/15 MP: 5/5
  1161 | D:1      | Reached skill level 3 in Dodging
  1327 | D:2      | Gained mutation: You are afflicted with vampirism and can
                  | become a bat while bloodless. [Vampire growth]
  1327 | D:2      | Reached XP level 3. HP: 19/19 MP: 6/6
  1344 | D:2      | Learned a level 3 spell: Confusing Touch
  1421 | D:2      | Found a faded altar of an unknown god.
  1913 | D:3      | Noticed Jessica
  1928 | D:3      | Killed Jessica
  1929 | D:3      | Reached XP level 4. HP: 24/24 MP: 0/7
  2047 | D:3      | Found Tokemytt's Assorted Antiques.
  2051 | D:3      | Bought a scroll labelled ROVVUG YZ COIR for 28 gold pieces
  2051 | D:3      | Bought a scroll labelled APOHUS OGE RUKK for 28 gold pieces
  2457 | D:3      | Reached skill level 4 in Dodging
  2935 | D:3      | Identified the ring of the Rabble {Will- EV+4 Str+6 Slay+5}
  3091 | D:4      | Reached XP level 5. HP: 11/28 MP: 8/8
  3453 | D:4      | Noticed a black bear
  3469 | D:4      | Killed a black bear
  3470 | D:4      | Reached skill level 5 in Dodging
  3575 | D:4      | Reached XP level 6. HP: 30/32 MP: 9/9
  4223 | D:3      | Bought a bubbling puce potion for 25 gold pieces
  4223 | D:3      | Bought a viscous orange potion for 25 gold pieces
  4223 | D:3      | Bought a red potion for 25 gold pieces
  4357 | D:5      | Entered Level 5 of the Dungeon
  4361 | D:5      | Reached skill level 5 in Short Blades
  4563 | D:5      | Found a hazy altar of Hepliaklqana.
  4575 | D:5      | Found a staircase to the Ecumenical Temple.
  4625 | Temple   | Entered the Ecumenical Temple
  4790 | D:5      | Reached skill level 6 in Dodging
  4825 | D:5      | Reached XP level 7. HP: 36/36 MP: 10/10
  5388 | D:6      | Reached skill level 7 in Dodging
  5518 | D:6      | Reached XP level 8. HP: 33/41 MP: 8/11
  6030 | D:6      | Reached skill level 8 in Dodging
  7279 | D:8      | Found a staircase to the Lair.
  7374 | D:8      | Reached skill level 9 in Dodging
  7402 | D:8      | Slain by a wyvern

Illustrated notes

Levels and vault maps discovered:
D:1:      heliophobic_arrival_henge, layout_loops_ring, serial_bayou_pond_c,
          st_stairs_2
D:2:      layout_loops_cross, shapermc_ecumenical_altar_acropolis,
          lexackson_kobold_supper
D:3:      layout_basic, serial_shops, nicolae_shop_behind_doors, uniq_jessica
D:4:      layout_basic, grunt_decor_junction
D:5:      layout_rooms, lemuel_doored_altar, kennysheep_mini,
          minmay_temple_entry_overgrown
D:6:      layout_basic, portal_sewer_entry_e, st_stairs_1
D:7:      layout_gridville
D:8:      nzn_winding_woodlands_cross
          [nzn_winding_woodlands_5x15_river_crossing,
          nzn_winding_woodlands_5x15_longhouse,
          nzn_winding_woodlands_5x15_parted,
          nzn_winding_woodlands_5x15_concentric,
          nzn_winding_woodlands_15x15_boxy_spiral], layout_basic,
          mainiacjoe_overflow_six_doors_small, david_lair_generic
Temple:   cyrus_circular_temple

Skill      XL: |  1  2  3  4  5  6  7  8 |
---------------+-------------------------+-----
Short Blades   | 2 3 4 5 7 8 |  8.7
Dodging        | 3 4 5 6 7 9 |  9.0
Stealth        | |  4.4
Spellcasting   | |  2.0
Hexes          | |  4.4

Action                   |  1- 3 |  4- 6 |  7- 9 || total
-------------------------+-------+-------+-------++-------
Melee: Dagger            |   121 |   178 |   173 ||   472
       Bite              |     8 |    28 |    18 ||    54
       Punch             |     2 |     2 |     2 ||     6
 Cast: Confusing Touch   |     1 |     4 |     7 ||    12
 Abil: Exsanguinate      |     1 |       |       ||     1
  Use: Scroll            |     3 |     3 |     5 ||    11
       Potion            |       |     3 |     5 ||     8
 Stab: Sleeping          |    12 |    10 |    11 ||    33
       Confused          |     1 |       |     1 ||     2
       Invisible         |       |     1 |       ||     1
Armor: Robe              |    12 |       |       ||    12
       Leather armour    |     2 |    36 |    24 ||    62
Dodge: Dodged            |    58 |    81 |   128 ||   267
Block: Other             |     7 |    30 |    43 ||    80
       Reflection        |       |       |     1 ||     1
